ITL
HAVANA ROLLERS @ PORTLAND PRIVATEERS
09/08/2029
 
TOP OF THE 1ST
Havana Rollers batting - Pitching for Portland Privateers : RHP Cade Baird
Pitching: RHP Cade Baird
Batting: RHB Alejandro Ramírez 0-0: Foul Ball, location: 2F
0-1: Ball
1-1: Swinging Strike
1-2: Strikes out looking
Batting: RHB Soshu Nakamura 0-0: Fly out, F9 (Flyball, 9S)
Batting: LHB Dusty Wilson 0-0: Called Strike
0-1: Ball
1-1: Ball
2-1: Ball
3-1: Swinging Strike
3-2: Foul Ball, location: 2F
3-2: Base on Balls
Batting: RHB Brant Sherman 0-0: Ball
Dusty Wilson is caught stealing 2nd base
Top of the 1st over - 0 runs, 0 hits, 0 errors, 0 left on base; Havana 0 - Portland 0
BOTTOM OF THE 1ST
Portland Privateers batting - Pitching for Havana Rollers : RHP Chris Marshall
Pitching: RHP Chris Marshall
Batting: SHB José Espinoza 0-0: Fly out, F8 (Flyball, 8RM)
Batting: RHB Dick Slagboom 0-0: Foul Ball, location: 2F
0-1: Foul Ball, location: 2F
0-2: Ball
1-2: Ball
2-2: Ball
3-2: SINGLE (Groundball, 4D)
Batting: LHB Carter Sweet 0-0: Fly out, F7 (Flyball, 7S)
Batting: RHB José Balina 0-0: Ball
1-0: Called Strike
1-1: Ball
2-1: Swinging Strike
2-2: SINGLE (Groundball, 34D)
Dick Slagboom to second
Runner from 2nd tries for 3rd, SAFE, no throw
Batting: LHB Dillon Beck 0-0: Called Strike
0-1: Foul Ball, location: 2F
0-2: Strikes out swinging
Bottom of the 1st over - 0 runs, 2 hits, 0 errors, 2 left on base; Havana 0 - Portland 0
TOP OF THE 2ND
Havana Rollers batting - Pitching for Portland Privateers : RHP Cade Baird
Batting: RHB Brant Sherman 0-0: Called Strike
0-1: Ball
1-1: Ground out 4-3 (Groundball, 4S)
Batting: LHB Shiro Ueno 0-0: Ball
1-0: Foul Ball, location: 2F
1-1: Foul Ball, location: 2F
1-2: Ball
2-2: SINGLE (Line Drive, 7S)
Batting: RHB Tommy Davenport 0-0: Called Strike
0-1: Grounds into double play, 4-6-3 (Groundball, 4)
Top of the 2nd over - 0 runs, 1 hit, 0 errors, 0 left on base; Havana 0 - Portland 0
BOTTOM OF THE 2ND
Portland Privateers batting - Pitching for Havana Rollers : RHP Chris Marshall
Batting: SHB Cory Campbell 0-0: Swinging Strike
0-1: Ball
1-1: Ball
2-1: Called Strike
2-2: Ball
3-2: Base on Balls
Batting: SHB Jacob Knapp 0-0: Ball
Cory Campbell steals 2nd base
1-0: Called Strike
1-1: SINGLE (Groundball, 34) (infield hit)
Cory Campbell to third
Batting: RHB Ramiro Gámez 0-0: Called Strike
0-1: Swinging Strike
0-2: Strikes out swinging
Batting: RHB Joe Bailey 0-0: Ball
1-0: Ball
2-0: Ball
3-0: Called Strike
3-1: Base on Balls
Jacob Knapp to second
Batting: SHB José Espinoza 0-0: Fielders Choice at 2nd, 3-6 (Groundball, 3)
Cory Campbell scores
Jacob Knapp to third
Batting: RHB Dick Slagboom 0-0: Ball
1-0: Fly out, F8 (Flyball, 8RM)
Bottom of the 2nd over - 1 run, 1 hit, 0 errors, 2 left on base; Havana 0 - Portland 1
TOP OF THE 3RD
Havana Rollers batting - Pitching for Portland Privateers : RHP Cade Baird
Batting: RHB Luis Aguilar 0-0: Ground out 5-3 (Groundball, 56S)
Batting: RHB Mitsuharu Matsumoto 0-0: Ball
1-0: Foul Ball, location: 2F
1-1: Ball
2-1: Fly out, F8 (Flyball, 8RS)
Batting: RHB Ken MacDonald 0-0: Ball
1-0: Called Strike
1-1: Called Strike
1-2: Ball
2-2: Foul Ball, location: 2F
2-2: Strikes out swinging
Top of the 3rd over - 0 runs, 0 hits, 0 errors, 0 left on base; Havana 0 - Portland 1
BOTTOM OF THE 3RD
Portland Privateers batting - Pitching for Havana Rollers : RHP Chris Marshall
Batting: LHB Carter Sweet 0-0: Ball
1-0: Foul Ball, location: 2F
1-1: Ball
2-1: SINGLE (Groundball, 4MS) (infield hit)
Batting: RHB José Balina 0-0: Ball
1-0: Ball
2-0: Fielders Choice at 2nd, 4-6 (Groundball, 34)
Batting: LHB Dillon Beck 0-0: Ground out 4-3 (Groundball, 4S)
José Balina to second
Batting: SHB Cory Campbell 0-0: Ball
1-0: DOUBLE (Line Drive, 7LD)
José Balina scores
Batting: SHB Jacob Knapp 0-0: Ball
1-0: Ball
2-0: Fly out, F8 (Flyball, 8LM)
Bottom of the 3rd over - 1 run, 2 hits, 0 errors, 1 left on base; Havana 0 - Portland 2
TOP OF THE 4TH
Havana Rollers batting - Pitching for Portland Privateers : RHP Cade Baird
Batting: RHB Alejandro Ramírez 0-0: Fly out, F6 (Line Drive, 6)
Batting: RHB Soshu Nakamura 0-0: Ball
1-0: Ball
2-0: Ball
3-0: Called Strike
3-1: Called Strike
3-2: Foul Ball, location: 2F
3-2: Strikes out swinging
Batting: LHB Dusty Wilson 0-0: SINGLE (Line Drive, 34D)
Batting: RHB Brant Sherman 0-0: Ball
1-0: Ball
2-0: Called Strike
2-1: Ball
3-1: Base on Balls
Dusty Wilson to second
Batting: LHB Shiro Ueno 0-0: Ball
1-0: Called Strike
1-1: Fly out, F8 (Flyball, 78D)
Top of the 4th over - 0 runs, 1 hit, 0 errors, 2 left on base; Havana 0 - Portland 2
BOTTOM OF THE 4TH
Portland Privateers batting - Pitching for Havana Rollers : RHP Chris Marshall
Batting: RHB Ramiro Gámez 0-0: Called Strike
0-1: Foul Ball, location: 2F
0-2: Ball
1-2: Strikes out swinging
Batting: RHB Joe Bailey 0-0: Ball
1-0: Fly out, F7 (Flyball, 78S)
Batting: SHB José Espinoza 0-0: Ball
1-0: Ball
2-0: Ball
3-0: Called Strike
3-1: Base on Balls
Batting: RHB Dick Slagboom 0-0: Called Strike
0-1: Ball
1-1: Swinging Strike
1-2: Ball
José Espinoza steals 2nd base
2-2: Ball
3-2: Base on Balls
Batting: LHB Carter Sweet 0-0: Ball
1-0: Called Strike
1-1: Foul Ball, location: 2F
1-2: Ball
2-2: Foul Ball, location: 2F
2-2: Ball
3-2: Foul Ball, location: 2F
3-2: Ground out 6-3 (Groundball, 6)
Bottom of the 4th over - 0 runs, 0 hits, 0 errors, 2 left on base; Havana 0 - Portland 2
TOP OF THE 5TH
Havana Rollers batting - Pitching for Portland Privateers : RHP Cade Baird
Batting: RHB Tommy Davenport 0-0: Foul Ball, location: 2F
0-1: Called Strike
0-2: Strikes out looking
Batting: RHB Luis Aguilar 0-0: Ball
1-0: Swinging Strike
1-1: Foul Ball, location: 2F
1-2: Ball
2-2: Strikes out swinging
Batting: RHB Mitsuharu Matsumoto 0-0: SINGLE (Line Drive, 7S)
Batting: RHB Ken MacDonald 0-0: Foul Ball, location: 2F
0-1: Ball
1-1: SINGLE (Groundball, 56D)
Mitsuharu Matsumoto to second
Batting: RHB Alejandro Ramírez 0-0: Foul Ball, location: 2F
0-1: Ball
1-1: Ball
2-1: Ball
3-1: Base on Balls
Mitsuharu Matsumoto to third
Ken MacDonald to second
Pitching: RHP Blaine Yarbrough
Batting: RHB Soshu Nakamura 0-0: Fly out, F8 (Flyball, 8RS)
Top of the 5th over - 0 runs, 2 hits, 0 errors, 3 left on base; Havana 0 - Portland 2
BOTTOM OF THE 5TH
Portland Privateers batting - Pitching for Havana Rollers : RHP Chris Marshall
Batting: RHB José Balina 0-0: Ball
1-0: Ball
2-0: Called Strike
2-1: Foul Ball, location: 2F
2-2: Ball
3-2: Strikes out swinging
Batting: LHB Dillon Beck 0-0: Ball
1-0: Ball
2-0: Fly out, F5 (Popup, 5S)
Batting: SHB Cory Campbell 0-0: Foul Ball, location: 2F
0-1: Called Strike
0-2: Fly out, F8 (Flyball, 8LM)
Bottom of the 5th over - 0 runs, 0 hits, 0 errors, 0 left on base; Havana 0 - Portland 2
TOP OF THE 6TH
Havana Rollers batting - Pitching for Portland Privateers : RHP Blaine Yarbrough
Batting: LHB Dusty Wilson 0-0: SINGLE (Line Drive, 4M)
Batting: RHB Brant Sherman 0-0: Ball
1-0: Called Strike
1-1: Ball
2-1: Swinging Strike
2-2: Strikes out swinging
Batting: LHB Shiro Ueno 0-0: Ball
1-0: Swinging Strike
1-1: Fly out, F9 (Flyball, 89M)
Batting: RHB Tommy Davenport 0-0: Ball
1-0: Ball
2-0: Called Strike
2-1: Ball
3-1: Base on Balls
Dusty Wilson to second
Batting: RHB Luis Aguilar 0-0: Ball
1-0: DOUBLE (Line Drive, 7LM)
Dusty Wilson scores
Tommy Davenport to third
Runner from 3rd tries for Home, SAFE, no throw
Batting: RHB Mitsuharu Matsumoto 0-0: Ground out 5-3 (Groundball, 56S)
Top of the 6th over - 2 runs, 2 hits, 0 errors, 1 left on base; Havana 2 - Portland 2
BOTTOM OF THE 6TH
Portland Privateers batting - Pitching for Havana Rollers : RHP Chris Marshall
Batting: SHB Jacob Knapp 0-0: Swinging Strike
0-1: Foul Ball, location: 2F
0-2: Ball
1-2: Strikes out swinging
Batting: RHB Ramiro Gámez 0-0: Ball
1-0: Called Strike
1-1: Ball
2-1: Swinging Strike
2-2: Foul Ball, location: 2F
2-2: Strikes out swinging
Batting: RHB Joe Bailey 0-0: Called Strike
0-1: Ball
1-1: Ball
2-1: Foul Ball, location: 2F
2-2: Ball
3-2: SINGLE (Line Drive, 89S)
Batting: SHB José Espinoza 0-0: DOUBLE (Line Drive, 89D)
Joe Bailey to third
Runner from 3rd tries for Home, SAFE, no throw
Batting: RHB Dick Slagboom 0-0: Called Strike
0-1: Ground out 6-3 (Groundball, 6)
Bottom of the 6th over - 1 run, 2 hits, 0 errors, 1 left on base; Havana 2 - Portland 3
TOP OF THE 7TH
Havana Rollers batting - Pitching for Portland Privateers : RHP Blaine Yarbrough
Pitching: LHP Josh Chamberlain
Batting: RHB Ken MacDonald 0-0: Swinging Strike
0-1: Ball
1-1: Ball
2-1: Ball
3-1: SINGLE (Groundball, 56D)
Batting: RHB Alejandro Ramírez 0-0: Ball
1-0: Ball
2-0: Foul Ball, location: 2F
2-1: Swinging Strike
2-2: Strikes out swinging
Batting: RHB Soshu Nakamura 0-0: Called Strike
0-1: Ball
1-1: Foul Ball, location: 2F
1-2: Grounds into double play, 6-4-3 (Groundball, 6)
Top of the 7th over - 0 runs, 1 hit, 0 errors, 0 left on base; Havana 2 - Portland 3
BOTTOM OF THE 7TH
Portland Privateers batting - Pitching for Havana Rollers : RHP Chris Marshall
Pitching: LHP Mike Doss
Batting: LHB Carter Sweet 0-0: Called Strike
0-1: Ground out 1-3 (Groundball, 13S)
Batting: RHB José Balina 0-0: Ball
1-0: Called Strike
1-1: SINGLE (Groundball, 56D)
Batting: LHB Dillon Beck 0-0: Called Strike
0-1: Ball
1-1: Ball
2-1: Fly out, F7 (Flyball, 7)
Batting: SHB Cory Campbell 0-0: Ball
1-0: Swinging Strike
1-1: Foul Ball, location: 2F
1-2: Ball
2-2: Fielders Choice at 2nd, U4 (Groundball, 4M)
Bottom of the 7th over - 0 runs, 1 hit, 0 errors, 1 left on base; Havana 2 - Portland 3
TOP OF THE 8TH
Havana Rollers batting - Pitching for Portland Privateers : LHP Josh Chamberlain
Batting: LHB Dusty Wilson 0-0: Called Strike
0-1: Foul Ball, location: 2F
0-2: Foul Ball, location: 2F
0-2: Ball
1-2: Foul Ball, location: 2F
1-2: Ball
2-2: Strikes out looking
Batting: RHB Brant Sherman 0-0: Swinging Strike
0-1: Foul Ball, location: 2F
0-2: Fly out, F8 (Flyball, 8LM)
Batting: LHB Shiro Ueno 0-0: Hit by Pitch
Batting: RHB Tommy Davenport 0-0: Ball
1-0: Ball
2-0: Ball
3-0: SINGLE (Flyball, 9S)
Shiro Ueno to second
Runner from 2nd tries for 3rd, OUT!
Top of the 8th over - 0 runs, 1 hit, 0 errors, 1 left on base; Havana 2 - Portland 3
BOTTOM OF THE 8TH
Portland Privateers batting - Pitching for Havana Rollers : LHP Mike Doss
Batting: SHB Jacob Knapp 0-0: Ground out U3 (Groundball, 34)
Batting: RHB Ramiro Gámez 0-0: Ball
1-0: Foul Ball, location: 2F
1-1: Swinging Strike
1-2: Strikes out looking
Batting: RHB Joe Bailey 0-0: Ball
1-0: Ball
2-0: Ball
3-0: Called Strike
3-1: Base on Balls
Pinch Hitting: RHB Edward Holloway 0-0: Fly out, F9 (Flyball, 9LMF)
Bottom of the 8th over - 0 runs, 0 hits, 0 errors, 1 left on base; Havana 2 - Portland 3
TOP OF THE 9TH
Havana Rollers batting - Pitching for Portland Privateers : LHP Josh Chamberlain
Pitching: RHP Ricardo Ontiveros
Now in CF: Edward Holloway
Pinch Hitting: SHB Pepe Piña 0-0: Foul Ball, location: 2F
0-1: Swinging Strike
0-2: Ball
1-2: Strikes out looking
Pinch Hitting: LHB Jimmy Husted 0-0: Ball
1-0: Called Strike
1-1: Foul Ball, location: 2F
1-2: Foul Ball, location: 2F
1-2: Ball
2-2: Ball
3-2: Strikes out swinging
Pinch Hitting: RHB Paul Bailey 0-0: Ball
1-0: Reached on error, E5 (Groundball, 5)
Batting: RHB Alejandro Ramírez 0-0: Swinging Strike
0-1: Ball
1-1: Called Strike
1-2: Foul Ball, location: 2F
1-2: Foul Ball, location: 2F
1-2: Strikes out swinging, 2-3 out at first.
Top of the 9th over - 0 runs, 0 hits, 1 error, 1 left on base; Havana 2 - Portland 3
Saturday, December 16th, 2017 - OOTP Baseball 18.8 Build 76